 Dungeon Crawl Stone Soup version 0.30-a0-557-ge2afbf3030 (webtiles) character file.

Game seed: 8333815374721853218

66 HoaS the Shooter (level 4, 0/26 HPs)
             Began as a Tengu Hunter on Dec 27, 2022.
             Slain by Ijyb
             ... wielding a +0 club
              (4 damage)
             ... on level 3 of the Dungeon.
             The game lasted 00:02:31 (1711 turns).

HoaS the Shooter (Tengu Hunter)                     Turns: 1711, Time: 00:02:31

Health: 0/26       AC:  4    Str: 11    XL:     4   Next: 15%
Magic:  5/5        EV: 12    Int:  9    God:
Gold:   138        SH:  0    Dex: 20    Spells: 3/3 levels left

rFire   . . .      SeeInvis .    a - +0 shortbow (heavy)
rCold   . . .      Faith    .    (shield currently unavailable)
rNeg    . . .      Spirit   .    c - +0 leather armour
rPois   .          Reflect  .    (helmet restricted)
rElec   .          Harm     .    f - +0 cloak
rCorr   .          Rampage  .    (no gloves)
Will    .....                    (boots unavailable)
Stlth   ++                       (no amulet)
HPRegen 0.24/turn                (no ring)
MPRegen 0.09/turn                (no ring)

@: no status effects
A: beak, talons 3
a: no special abilities


You were on level 3 of the Dungeon.
You visited 1 branch of the dungeon, and saw 3 of its levels.

You collected 138 gold pieces.

Inventory:

Hand Weapons
 a - a +0 heavy shortbow (weapon)
Armour
 c - a +0 leather armour (worn)
 f - a +0 cloak (worn)
Scrolls
 b - a scroll of immolation
 e - 2 scrolls of teleportation
Potions
 d - a potion of degeneration {unknown}
 g - a potion of lignification
 h - a potion of mutation {unknown}
 j - a potion of flight {unknown}
 k - a potion of attraction {unknown}


   Skills:
 - Level 2.0 Fighting
 + Level 6.1 Ranged Weapons
 - Level 2.1 Dodging
 - Level 1.0 Stealth


You had 3 spell levels left.
You didn't know any spells.
Your spell library contained the following spells:

 Spells                   Type           Power      Damage    Failure   Level
 Ignite Poison            Fire/Tmut/Pois 0%         N/A       85%         3
 Kindle Blastsparks       Fire/Tloc/Air  0%         2d10      85%         3
 Freezing Cloud           Conj/Ice/Air   0%         6-21      100%        5


Dungeon Overview and Level Annotations

Branches:
Dungeon (3/15)

Altars:

Annotations:
D:3 Ijyb


Innate Abilities, Weirdness & Mutations

You have a beak for a mouth.
You have claws for feet.


Message History

* * * LOW HITPOINT WARNING * * *
Ijyb barely misses you. The goblin hits you but does no damage.
Ijyb barely misses you.
You shoot an arrow. The arrow barely misses Ijyb.
The goblin hits you with a +0 dagger.
* * * LOW HITPOINT WARNING * * *
Ijyb screams, "Me very upset!"
Ijyb hits you but does no damage.
You feel better. The goblin hits you with a +0 dagger.
Ijyb hits you with a +0 club.
* * * LOW HITPOINT WARNING * * *
You feel better. The goblin misses you. Ijyb hits you with a +0 club.
You shoot an arrow. The arrow barely misses Ijyb.
Ijyb screams, "It's all mine!"
Ijyb zaps a wand.
Your will is overpowered!
You are confused.
The now-empty wand crumbles to dust.
The goblin misses you. The goblin hits you but does no damage.
Ijyb closely misses you.
You bump into the rock wall.
The goblin closely misses you. Ijyb barely misses you.
You clumsily bash Ijyb but do no damage.
You claw Ijyb, but do no damage.
Ijyb is almost dead.
The goblin hits you with a +0 dagger.
Ijyb screams, "Me very upset!"
Ijyb barely misses you. The goblin barely misses you. Ijyb barely misses you.
You're too confused to move!
The goblin barely misses you. Ijyb hits you with a +0 club.
You bump into the rock wall.
The goblin closely misses you. Ijyb hits you but does no damage.
You miss Ijyb. Your kick misses Ijyb.
Ijyb is almost dead.
You feel less confused. The goblin hits you but does no damage.
Ijyb hits you with a +0 club.
* * * LOW HITPOINT WARNING * * *
You shoot an arrow. The arrow barely misses Ijyb.
The goblin barely misses you. Ijyb closely misses you.
The goblin hits you with a +0 dagger.
* * * LOW HITPOINT WARNING * * *
Ijyb hits you with a +0 club.
You die...

#. .# ## ?#
.. .#####.
.#... ...
#g#######
#@g......
#.####### #.#
#)# #.#
#.######
#......#
#.####.### #
#.####†..##.#


You could see Ijyb and a goblin.

Vanquished Creatures
  2 adders
  2 dart slugs
  4 ball pythons
  2 bats
  4 endoplasms (D:2)
  A giant cockroach (D:2)
  6 goblins
  4 hobgoblins
  3 kobolds (D:1)
  3 quokkas
  3 frilled lizards (D:2)
  4 rats
38 creatures vanquished.

Notes
Turn   | Place    | Note
-------+----------+-------------------------------------------
     0 | D:1      | HoaS the Tengu Hunter began the quest for the Orb.
     0 | D:1      | Reached XP level 1. HP: 12/12 MP: 2/2
   186 | D:1      | Reached XP level 2. HP: 14/17 MP: 3/3
   203 | D:1      | Found a faded altar of an unknown god.
   225 | D:1      | Reached skill level 5 in Ranged Weapons
   693 | D:2      | Reached XP level 3. HP: 12/21 MP: 4/4
  1226 | D:2      | Reached skill level 6 in Ranged Weapons
  1667 | D:3      | Reached XP level 4. HP: 26/26 MP: 5/5
  1688 | D:3      | Noticed Ijyb
  1711 | D:3      | Slain by Ijyb

Illustrated notes

Levels and vault maps discovered:
D:1:      dpeg_arrival_three_bigger_balls, layout_rooms,
          hellmonk_ecumenical_altar_leap_of_faith
D:2:      layout_basic, minmay_heptomino_o4
D:3:      layout_loops_ring, uniq_ijyb

Skill      XL: |  1  2  3 |
---------------+----------+-----
Ranged Weapons | 5 6 |  6.1
Fighting       | |  2.0
Dodging        | |  2.1
Stealth        | |  1.0

Action                   |  1- 3 |  4- 6 || total
-------------------------+-------+-------++-------
Melee: Shortbow          |       |     2 ||     2
       Kick              |       |     1 ||     1
 Fire: Shortbow          |    97 |    20 ||   117
  Use: Scroll            |     7 |       ||     7
       Potion            |       |     2 ||     2
Armor: Leather armour    |     7 |    11 ||    18
Dodge: Dodged            |    22 |    28 ||    50

Table legend: (Time is in decaauts)
 A = Elapsed time spent in this place.
 B = Non-inter-level travel time spent in this place.
 C = Inter-level travel time spent in this place.
 D = Time resting spent in this place.
 E = Time spent auto-exploring this place.
 F = Levels seen in this place.
 G = Mean time per level.
                   A        B        C        D        E       F      G
               +--------+--------+--------+--------+--------+-----+--------+
         Total |   1756 |   1701 |     55 |    145 |   1286 |   3 |  585.3 |
       Dungeon |   1756 |   1701 |     55 |    145 |   1286 |   3 |  585.3 |
               +--------+--------+--------+--------+--------+-----+--------+

Top non-repeatable levels by time:
     D:2: 1138 daAuts
     D:1: 545 daAuts
     D:3: 72 daAuts
